 Dungeon Crawl Stone Soup version 0.29.0-4-gdea44cf6ec (webtiles) character file.

Game seed: 306237457887161655

256 qw the Chopper (level 6, -5/35 HPs)
             Began as a Tengu Warper on Aug 28, 2022.
             Was an Initiate of Okawaru.
             Slain by an orc priest
             ... wielding a +0 trident
              (7 damage)
             ... on level 4 of the Dungeon.
             The game lasted 00:00:19 (3613 turns).

qw the Chopper (Tengu Warper)                       Turns: 3613, Time: 00:00:20

Health: -5/35      AC:  6    Str: 14    XL:     6   Next: 16%
Magic:  19/19      EV: 12    Int: 16    God:    Okawaru [......]
Gold:   197        SH:  0    Dex: 19    Spells: 9/9 levels left

rFire   + . .      SeeInvis +   Y - +1 hand axe
rCold   . . .      Faith    .   (no shield)
rNeg    . . .      Spirit   .   i - +0 scale mail
rPois   .          Reflect  .   (helmet restricted)
rElec   +          Harm     .   (no cloak)
rCorr   .          Rampage  .   (no gloves)
Will    .....                   (boots unavailable)
Stlth   ..........              (no amulet)
HPRegen 0.11/turn               g - ring of Diwk {rElec MP+9 Int+3 Dex+6}
MPRegen 0.16/turn               h - ring of Fedhas's Benevolence {rF+ SInv}

@: about to teleport, flying quickly and evasively, quick
A: beak, talons 3, nimble flight
a: Renounce Religion


You were on level 4 of the Dungeon.
You worshipped Okawaru.
Okawaru was noncommittal.
You visited 1 branch of the dungeon, and saw 4 of its levels.

You collected 197 gold pieces.


Innate Abilities, Weirdness & Mutations

You have a beak for a mouth.
You have claws for feet.
Your magical nature lets you fly swiftly and evasively.


   Skills:
 - Level 2.0 Fighting
 + Level 6.9 Axes
 - Level 1.0 Throwing
 - Level 1.1 Armour
 - Level 2.1 Dodging
 - Level 2.0 Spellcasting
 - Level 2.4 Translocations


You had 9 spell levels left.
You didn't know any spells.
Your spell library contained the following spells:

 Spells                   Type           Power      Damage    Failure   Level
 Blink                    Tloc           18%        N/A       45%         2
 Gell's Gravitas          Tloc           9%         N/A       71%         3
 Lesser Beckoning         Tloc           9%         N/A       71%         3
 Teleport Other           Tloc           9%         N/A       71%         3
 Manifold Assault         Tloc           9%         N/A       100%        5

Inventory:

Hand Weapons
 j - a +0 flail
 Y - a +1 hand axe (weapon)
Armour
 i - a +0 scale mail (worn)
Jewellery
 g - the ring of Diwk (left hand) {rElec MP+9 Int+3 Dex+6}
   (You found it on level 2 of the Dungeon)

   [ring of dexterity]

   Int:       It affects your intelligence (+3).
   Dex:       It affects your dexterity (+6).
   rElec:     It insulates you from electricity.
   MP:        It affects your magic capacity (+9).
 h - the ring of Fedhas's Benevolence (right hand) {rF+ SInv}
   (You found it on level 3 of the Dungeon)

   [ring of see invisible]

   rF:        It protects you from fire.
   SInv:      It lets you see invisible.
Scrolls
 d - a scroll of identify
Potions
 b - a potion of heal wounds {unknown}
 e - 2 potions of curing
 f - a potion of haste {unknown}
 k - a potion of mutation {unknown}

Dungeon Overview and Level Annotations

Branches:
Dungeon (4/15)
 Temple: D:4-7

Altars:
Okawaru
Uskayaw
Zin

Shops:
D:1 (=


Message History

You have reached level 6!
An orc comes into view. It is wielding a +0 hand axe.
There is an open door, spattered with blood here.
You see here a howler monkey corpse.
An orc comes into view. It is wielding a +0 club.
The orc priest hits you but does no damage.
You hit the orc priest but do no damage.
Your kick misses the orc priest.
The orc priest hits you but does no damage.
You hit the orc priest but do no damage.
You claw the orc priest. Your peck misses the orc priest.
The orc priest is lightly wounded.
The orc priest begins to cast a cantrip, but forgets the words!
An orc comes into view. It is wielding a +0 flail.
You hit the orc priest. You peck the orc priest.
The orc priest is moderately wounded.
The orc priest hits you with a +0 trident.
3610 ||| READING scroll of teleportation.
As you read the scroll of teleportation, it crumbles to dust.
You feel strangely unstable. The orc priest misses you.
The orc hits you with a +0 club.
A hobgoblin comes into view.
You closely miss the orc priest. Your peck misses the orc priest.
The orc priest is moderately wounded.
You hit the orc. You hit the orc but do no damage.
The orc priest looks satisfied for a moment.
The orc hits you but does no damage. The orc barely misses you.
You closely miss the orc.
The orc is heavily wounded.
You hit the orc priest but do no damage.
You hit the orc but do no damage.
A kobold comes into view. It is wielding a +0 club.
The orc priest hits you but does no damage.
The orc misses you. The orc hits you but does no damage.
You slash the orc!
You kill the orc!
Okawaru accepts your kill.
You hit the orc priest. You hit the orc but do no damage.
The orc priest hits you with a +0 trident!
You die...

#............#
..#............#
#.#............#
.####g#####........#
...................#
....o...###+###....#
........# #.# #.####
#.....oo###.###.#
#.....o@%.._..'.#
#.......#######.#
##......# ### #...
######.# ### #.###
#.K ... ..# #.. ..#
.## #.###.# . #.#
#.###


You could see an orc priest, 3 orcs, a hobgoblin and a kobold.

Vanquished Creatures
  A black bear (D:3)
  A howler monkey (D:4)
  Jessica (D:3)
  A gnoll (D:1)
  5 adders
  A worm (D:3)
  2 dart slugs (D:2)
  An orc (D:4)
  7 bats
  5 endoplasms
  2 giant cockroaches (D:3)
  4 goblins
  2 hobgoblins (D:4)
  3 kobolds
  A quokka (D:1)
  10 ball pythons
  6 frilled lizards
  3 rats
56 creatures vanquished.

Notes
Turn   | Place    | Note
-------+----------+-------------------------------------------
     0 | D:1      | qw the Tengu Warper began the quest for the Orb.
     0 | D:1      | Reached XP level 1. HP: 12/12 MP: 4/4
     0 | D:1      | 0 ||| qw: Version: 0.1-a-89-g26bdef1
     0 | D:1      | 0 ||| qw: Game counter: 2858
     0 | D:1      | 0 ||| qw: Always use a shield: true
     0 | D:1      | 0 ||| qw: God list: Okawaru
     0 | D:1      | 0 ||| qw: Allow faded altars: false
     0 | D:1      | 0 ||| qw: Do Orc after D:15 true
     0 | D:1      | 0 ||| qw: Do second Lair branch before Depths: true
     0 | D:1      | 0 ||| qw: Lair rune preference: random
     0 | D:1      | 0 ||| qw: Plans: Normal
     0 | D:1      | 0 ||| PLANNING D:1-11
   153 | D:1      | Reached XP level 2. HP: 17/17 MP: 6/6
   177 | D:1      | Found Tus Ixun's Weapon Emporium.
   188 | D:1      | Reached skill level 3 in Axes
   587 | D:1      | Reached XP level 3. HP: 21/21 MP: 7/7
   694 | D:1      | Found Xout's Jewellery Shop.
   703 | D:1      | 703 ||| SHOPLISTING +4 ring of protection (360 gold, have
                  | 64).
   703 | D:1      | 703 ||| SHOPLISTING +6 ring of strength (360 gold, have
                  | 64).
   703 | D:1      | 703 ||| SHOPLISTING ring of positive energy (200 gold, have
                  | 64).
   703 | D:1      | 703 ||| SHOPLISTING ring of protection from cold (250 gold,
                  | have 64).
   703 | D:1      | 703 ||| SHOPLISTING ring of resist corrosion (200 gold,
                  | have 64).
   879 | D:1      | 879 ||| UPGRADING to +0 ring mail.
   889 | D:1      | 889 ||| DROPPING +0 leather armour.
   890 | D:1      | 890 ||| UPGRADING to +0 scale mail.
   900 | D:1      | 900 ||| DROPPING +0 ring mail.
   901 | D:1      | 901 ||| READING scroll labelled FOL QESE FEAS.
   906 | D:1      | 906 ||| READING scroll labelled GAISCHEUQE.
   907 | D:1      | 907 ||| READING scroll labelled CEBLOBBINAH.
   908 | D:1      | 908 ||| DRINKING 2 bubbling puce potions.
   909 | D:1      | 909 ||| DRINKING 2 sedimented golden potions.
   910 | D:1      | 910 ||| DROPPING scroll of blinking.
   911 | D:1      | 911 ||| DROPPING potion of attraction.
   912 | D:1      | 912 ||| Stepping randomly (stuck).
   913 | D:1      | 913 ||| Stepping ~*~*~tactically~*~*~ (cloud).
   914 | D:1      | 914 ||| DRINKING potion of curing.
   914 | D:1      | 914 ||| (to cure poison)
  1205 | D:2      | Reached skill level 4 in Axes
  1325 | D:2      | Identified the ring of Diwk {rElec MP+9 Int+3 Dex+6}
  1564 | D:2      | Found a faded altar of an unknown god.
  1627 | D:2      | 1627 ||| DROPPING +0 club.
  1686 | D:2      | 1686 ||| UPGRADING to ring of Diwk {rElec MP+9 Int+3
                  | Dex+6}.
  1747 | D:2      | 1747 ||| READING scroll labelled SOESUAZX ZUFI.
  1748 | D:2      | 1748 ||| READING scroll labelled ZICITHR SONNU.
  1868 | D:2      | 1868 ||| READING scroll labelled ZIYTIDD TEWES.
  1869 | D:2      | 1869 ||| DRINKING 2 orange potions.
  1970 | D:2      | 1970 ||| DROPPING potion of ambrosia.
  1994 | D:3      | 1994 ||| Stepping ~*~*~tactically~*~*~ (stealth).
  2134 | D:3      | 2134 ||| Stepping ~*~*~tactically~*~*~ (stealth).
  2141 | D:3      | 2141 ||| Stepping ~*~*~tactically~*~*~ (stealth).
  2181 | D:3      | Found Simaseammi's Assorted Antiques.
  2225 | D:3      | Reached XP level 4. HP: 24/26 MP: 8/8
  2392 | D:3      | Identified the ring of Fedhas's Benevolence {rF+ SInv}
  2493 | D:3      | Noticed a black bear
  2500 | D:3      | Killed a black bear
  2501 | D:3      | Reached skill level 6 in Axes
  2501 | D:3      | Gained mutation: Your magical nature lets you fly swiftly
                  | and evasively. [Tengu growth]
  2501 | D:3      | Reached XP level 5. HP: 11/30 MP: 9/9
  2733 | D:3      | Found a glowing silver altar of Zin.
  2751 | D:3      | Noticed Jessica
  2752 | D:3      | 2752 ||| Stepping ~*~*~tactically~*~*~ (hiding).
  2758 | D:3      | Killed Jessica
  3015 | D:3      | Found a hide-covered altar of Uskayaw.
  3219 | D:3      | 3219 ||| UPGRADING to ring of Fedhas's Benevolence {rF+
                  | SInv}.
  3220 | D:3      | 3220 ||| READING scroll labelled ISTETWIUNI.
  3221 | D:3      | 3221 ||| READING scroll labelled HUVEELYREN.
  3352 | D:4      | 3352 ||| FLEEEEING.
  3397 | D:4      | 3397 ||| Stepping ~*~*~tactically~*~*~ (stealth).
  3398 | D:4      | 3398 ||| Stepping ~*~*~tactically~*~*~ (stealth).
  3583 | D:4      | Found an iron altar of Okawaru.
  3589 | D:4      | Became a worshipper of Warmaster Okawaru
  3605 | D:4      | Reached XP level 6. HP: 9/35 MP: 10/10
  3609 | D:4      | HP: 6/35 [orc priest/+0 trident (4)]
  3610 | D:4      | 3610 ||| READING scroll of teleportation.
  3610 | D:4      | HP: 2/35 [orc/+0 club (4)]
  3613 | D:4      | Slain by an orc priest

Levels and vault maps discovered:
D:1:      lemuel_arrival_funnel, layout_basic, serial_shops,
          nicolae_shop_waterfront, shop_statue, hangedman_decor_slide_cut,
          st_stairs_3
D:2:      layout_basic, hellmonk_ecumenical_altar_heavens_door
D:3:      layout_basic, zin_statuary, nicolae_uskayaw_murder_on_the_dancefloor,
          serial_shops, nicolae_shop_overgrown_old_shop, uniq_jessica
D:4:      layout_basic, lemuel_doored_altar, trog_butcher_becter,
          minmay_temple_entry_large_hall, nicolae_specific_store,
          nicolae_figureground_pulse

Skill      XL: |  1  2  3  4 |
---------------+-------------+-----
Axes           | 3 4 6 |  6.9
Fighting       | |  2.0
Throwing       | |  1.0
Armour         | |  1.1
Dodging        | |  2.1
Spellcasting   | |  2.0
Translocations | |  2.4

Action                   |  1- 3 |  4- 6 || total
-------------------------+-------+-------++-------
Melee: Hand axe          |    86 |    68 ||   154
       Kick              |    18 |    20 ||    38
       Peck              |     7 |     8 ||    15
Throw: Boomerang         |     7 |       ||     7
  Use: Scroll            |     6 |     3 ||     9
       Potion            |     4 |       ||     4
Armor: Leather armour    |     8 |       ||     8
       Scale mail        |    14 |    24 ||    38
Dodge: Dodged            |    53 |    28 ||    81

Table legend:
 A = Non-vault XP
 B = Vault XP
 C = Vault XP percentage of total XP
 D = Non-vault monster count
 E = Vault monster count
 F = Vault count percentage of total count
                 A         B        C        D         E       F
            +---------+---------+-------+---------+---------+-------
      Total |     330 |      40 |  10.8 |      52 |       4 |   7.1
            +---------+---------+-------+---------+---------+-------
        D:1 |      35 |       3 |   7.9 |      16 |       3 |  15.8
        D:2 |      18 |       0 |   0.0 |       8 |       0 |   0.0
        D:3 |     189 |      37 |  16.4 |      20 |       1 |   4.8
        D:4 |      88 |       0 |   0.0 |       8 |       0 |   0.0
            +---------+---------+-------+---------+---------+-------
